 Dungeon Crawl Stone Soup version 0.29.1-debian-1-gc3f1650bb9 (webtiles) character file.

Game seed: 2359462053485844293

707 IdlyInterested the Trooper (level 7, -1/55 HPs)
             Began as a Demonspawn Wanderer on Sept 12, 2022.
             Slain by an orc wizard
             ... wielding a +0 dagger
              (2 damage)
             ... on level 5 of the Dungeon.
             The game lasted 00:16:30 (5198 turns).

IdlyInterested the Trooper (Demonspawn Wanderer)    Turns: 5198, Time: 00:16:31

Health: -1/55      AC:  8    Str: 12    XL:     7   Next: 40%
Magic:  21/21      EV: 11    Int: 13    God:
Gold:   122        SH:  0    Dex: 15    Spells: 12/13 levels left

rFire   . . .      SeeInvis .   u - +1 club (spect)
rCold   . . .      Faith    .   (no shield)
rNeg    . . .      Spirit   .   k - +1 ring mail
rPois   .          Reflect  .   (helmet currently unavailable)
rElec   .          Harm     .   d - +0 cloak
rCorr   .          Rampage  .   A - +0 pair of gloves
Will    .....                   (boots currently unavailable)
Stlth   +.........              e - amulet of the acrobat
HPRegen 0.18/turn               g - ring of magical power
MPRegen 0.17/turn               (no ring)

@: appendages (expiring)
A: talons 2, antennae 1, demonic guardian 1, weakness stinger 1
a: End Transformation


You were on level 5 of the Dungeon.
You had temporarily grown beastly talons.
You visited 2 branches of the dungeon, and saw 6 of its levels.

You collected 122 gold pieces.

Inventory:

Hand Weapons
 h - a +1 dagger of venom
 o - a +0 short sword
 s - a +1 quarterstaff of speed
 u - a +1 spectral club (weapon)
 B - a +0 quarterstaff
 F - a +0 flail
Missiles
 v - 3 boomerangs
Armour
 c - a +0 robe
 d - a +0 cloak (worn)
 k - a +1 ring mail (worn)
 x - a +0 chain mail
 y - a +0 scale mail
 A - a +0 pair of gloves (worn)
Magical Staves
 I - a staff of poison
Jewellery
 a - a ring of protection from fire
 e - an amulet of the acrobat (around neck)
 g - a ring of magical power (left hand)
 C - a ring of ice
Wands
 E - a wand of polymorph (8)
Scrolls
 b - a scroll of blinking
 i - 2 scrolls of teleportation
 t - 2 scrolls of vulnerability
 D - a scroll of magic mapping {unknown}
 H - a scroll of poison
 J - a scroll of summoning {unknown}
Potions
 f - 2 potions of curing
 j - 2 potions of attraction
 l - a potion of brilliance
 m - a potion of mutation
 n - 2 potions of haste {unknown}
 p - 3 potions of flight {unknown}
 q - a potion of berserk rage {unknown}
 r - a potion of resistance {unknown}
 w - 2 potions of cancellation {unknown}
 z - a potion of might {unknown}
 G - a potion of degeneration {unknown}


   Skills:
 + Level 4.3 Fighting
 - Level 2.0 Armour
 * Level 3.1 Dodging
 - Level 2.0 Stealth
 * Level 3.8 Spellcasting
 + Level 3.5 Hexes
 - Level 4.0 Transmutations


You had 12 spell levels left.
You knew the following spells:

 Your Spells              Type           Power      Damage    Failure   Level
a - Beastly Appendage     Tmut           24%        N/A       9%          1

Your spell library contained the following spells:

 Spells                   Type           Power      Damage    Failure   Level
 Slow                     Hex            44%        N/A       11%         1
 Sting                    Tmut/Pois      28%        1d4       21%         1
 Ensorcelled Hibernation  Hex/Ice        14%        N/A       34%         2
 Spider Form              Tmut/Pois      7%         N/A       52%         3
 Inner Flame              Hex/Fire       7%         N/A       56%         3
 Ice Form                 Ice/Tmut       7%         N/A       90%         4
 Anguish                  Hex/Necr       3%         N/A       92%         4


Dungeon Overview and Level Annotations

Branches:
Dungeon (5/15)             Temple (1/1) D:4

Altars:
Fedhas
Hepliaklqana
Kikubaaqudgha
Makhleb
Okawaru
Qazlal
Ru
Trog
Uskayaw
Vehumet
Wu Jian

Shops:
D:4 (


Innate Abilities, Weirdness & Mutations

You have temporarily grown beastly talons.
You have a pair of small antennae on your head.
A weak demonic guardian rushes to your aid.
You have a small tail.


Message History

You hit something.
Your +1 spectral club barely misses something.
Your talons disappear.
Something hits you but does no damage. x2; Something completely misses you.
You hear some strange, mumbled words.
A magic dart appears from out of thin air!
The magic dart hits you.
* * * LOW HITPOINT WARNING * * *
You miss something.
Your +1 spectral club hits something.
Something hits you.
* * * LOW HITPOINT WARNING * * *
Something hits you.
* * * LOW HITPOINT WARNING * * *
Casting: Beastly Appendage (safe; 9% risk of failure)
Press: ? - help, Q - select action, (/) - cycle Dir - look around, f - activate Your feet morph into talons.
Something hits you but does no damage. x2
Unknown command.
You barely miss something.
Your +1 spectral club hits something but does no damage.
Something hits you but does no damage. x2
You miss something. Your kick misses something.
Your +1 spectral club completely misses something.
Something hits you.
* * * LOW HITPOINT WARNING * * *
Something hits you but does no damage.
You hear some strange, mumbled words.
Something tries to affect you, but you resist.
Something hits you but does no damage.
You hit something. You claw something.
Your tail-slap misses something.
Your +1 spectral club barely misses something.
Something hits you but does no damage. x2
You hit something but do no damage. You claw something.
Your +1 spectral club hits something.
Your transformation is almost over.
You hear some strange, mumbled words.
A magic dart appears from out of thin air!
The magic dart hits you.
* * * LOW HITPOINT WARNING * * *
Something hits you.
You die...

... . #.. ###
..###..###..##
.............#
.............#
........)....#
......({{....#
#.5@# #...#
......#
........#
...##...# ..
#...# . #####


You could see a friendly +1 spectral club (summoned) and a friendly white imp
(summoned).

Vanquished Creatures
  The ghost of Jeffwins the Magician, an amateur HuWn (D:3)
  A black bear (D:4)
  An ice beast (D:5)
  A scorpion (D:4)
  A hound (D:4)
  3 iguanas
  Jessica (D:3)
  Robin (D:4)
  3 adders (D:3)
  2 gnolls (D:4)
  3 dart slugs
  10 orcs
  7 ball pythons
  5 bats
  5 endoplasms
  4 giant cockroaches
  11 hobgoblins
  9 jackals
  6 quokkas
  4 frilled lizards
  15 goblins
  7 kobolds
  8 rats
109 creatures vanquished.

Vanquished Creatures (collateral kills)
  2 gnolls (D:4)
  An orc (D:5)
  A quokka (D:4)
4 creatures vanquished.

Grand Total: 113 creatures vanquished

Notes
Turn   | Place    | Note
-------+----------+-------------------------------------------
     0 | D:1      | IdlyInterested the Demonspawn Wanderer began the quest for
                  | the Orb.
     0 | D:1      | IdlyInterested set off with the following items: a +0 club,
                  | a scroll of blinking, a +0 robe, a +0 cloak; and the
                  | following spells available to memorise: Beastly Appendage,
                  | Sting, Slow, Inner Flame, Ice Form.
     0 | D:1      | Reached XP level 1. HP: 13/13 MP: 4/4
     2 | D:1      | Learned a level 1 spell: Beastly Appendage
   544 | D:1      | You fall into a shaft and drop 1 floor!
   563 | D:2      | Discovered your monstrous ancestry.
   563 | D:2      | Lost mutation: You have a pair of horns on your head.
                  | [demonic ancestry]
   563 | D:2      | Lost mutation: You have a pair of small horns on your head.
                  | [demonic ancestry]
   563 | D:2      | Gained mutation: You have a pair of small antennae on your
                  | head. [demonic ancestry]
   563 | D:2      | Reached XP level 2. HP: 17/20 MP: 4/6
   779 | D:1      | Reached skill level 1 in Fighting
   784 | D:1      | Reached skill level 1 in Armour
  1246 | D:1      | Reached XP level 3. HP: 18/26 MP: 7/7
  1744 | D:2      | Found a faded altar of an unknown god.
  1951 | D:2      | Found a stormy altar of Qazlal.
  2235 | D:3      | Gained mutation: You have a small tail. [demonic ancestry]
  2235 | D:3      | Reached XP level 4. HP: 33/33 MP: 8/8
  2261 | D:3      | Found a hazy altar of Hepliaklqana.
  2266 | D:3      | Noticed Jessica
  2274 | D:3      | Killed Jessica
  2593 | D:3      | Reached XP level 5. HP: 40/40 MP: 9/9
  2822 | D:3      | Found a burning altar of Makhleb.
  2823 | D:3      | Noticed an angel
  2823 | D:3      | Noticed a green death
  2921 | D:3      | Found a runed translucent door.
  2922 | D:3      | Noticed Jeffwins's ghost (amateur HuWn)
  3427 | D:3      | Killed Jeffwins's ghost
  3428 | D:3      | Reached XP level 6. HP: 28/47 MP: 10/10
  3568 | D:4      | Found Giafraxudo's Antique Weapon Boutique.
  3975 | D:4      | Found an ornate altar of the Wu Jian Council.
  4440 | D:4      | Gained mutation: A weak demonic guardian rushes to your
                  | aid. [demonic ancestry]
  4440 | D:4      | Reached XP level 7. HP: 54/54 MP: 12/12
  4481 | D:4      | Found a staircase to the Ecumenical Temple.
  4493 | Temple   | Entered the Ecumenical Temple
  4719 | D:4      | Noticed Robin
  4734 | D:4      | Killed Robin
  5173 | D:5      | Entered Level 5 of the Dungeon
  5198 | D:5      | HP: 1/55 [something/magic dart (6)]
  5198 | D:5      | Slain by an orc wizard

Illustrated notes

Levels and vault maps discovered:
D:1:      lemuel_arrival_muddy, layout_rooms
D:2:      layout_rooms, basic_altar, hellmonk_ecumenical_altar_defaced_shrine,
          kennysheep_generic_room_10
D:3:      layout_basic, grunt_temple_overflow_order_and_chaos_2,
          mainiacjoe_overflow_boulevard, gammafunk_ghost_grave,
          grunt_ministairs_7, uniq_jessica
D:4:      layout_gridville, nicolae_wu_jian_wuxing_cycle,
          minmay_temple_entry_glassed_door, serial_shops, nicolae_shop_stone,
          minmay_misc_feat_more_columns, uniq_robin
D:5:      layout_gridville
Temple:   nicolae_temple_ecumenical_triangle

Skill      XL: |  1  2  3  4  5  6  7 |
---------------+----------------------+-----
Fighting       | 1 2 3 4 |  4.3
Armour         | 1 2 |  2.0
Transmutations | 4 |  4.0
Hexes          | 2 3 |  3.5
Dodging        | 2 3 |  3.1
Stealth        | 2 |  2.0
Spellcasting   | |  3.8

Action                   |  1- 3 |  4- 6 |  7- 9 || total
-------------------------+-------+-------+-------++-------
Melee: Club              |    36 |    85 |    56 ||   177
       Kick              |    20 |    13 |    12 ||    45
       Headbutt          |     4 |       |       ||     4
       Dagger            |    93 |     4 |       ||    97
       Tailslap          |       |    17 |     8 ||    25
       Punch             |       |       |     1 ||     1
 Cast: Beastly Appendage |    17 |    13 |     5 ||    35
  Use: Scroll            |     5 |     4 |       ||     9
       Potion            |       |       |     1 ||     1
 Stab: Sleeping          |     1 |       |       ||     1
       Distracted        |       |     1 |     1 ||     2
Armor: Robe              |    19 |       |       ||    19
       Ring mail         |    44 |    55 |    60 ||   159
Dodge: Dodged            |    87 |    61 |    52 ||   200
